 Dungeon Crawl Stone Soup version 0.21-a0-241-g2cbab09 (webtiles) character file.

24 Manul the Chopper (level 2, -1/22 HPs)
             Began as a Mummy Gladiator on Sept 3, 2017.
             Slain by a leopard gecko (2 damage)
             ... on level 2 of the Dungeon.
             The game lasted 00:00:48 (1417 turns).

Manul the Chopper (Mummy Gladiator)                 Turns: 1417, Time: 00:00:49

Health: -1/22      AC:  4    Str: 17    XL:     2   Next: 79%
Magic:  2/2        EV:  7    Int:  7    God:
Gold:   6          SH: 11    Dex: 13    Spells: 1/1 levels left

rFire    x . .     SeeInvis .   a - +0 war axe
rCold    + . .     Gourm    .   h - +0 large shield
rNeg     + + +     Faith    .   b - +0 leather armour
rPois    ∞         Spirit   .   c - +0 helmet
rElec    .         Reflect  .   (no cloak)
rCorr    .         Harm     .   (no gloves)
MR       .....                  (no boots)
Stlth    +.........             (no amulet)
HPRegen  0.07/turn              (no ring)
MPRegen  0.08/turn              (no ring)

@: no status effects
A: no food or potions, fire vulnerability, cold resistance 1, negative energy
resistance 3, torment resistance, unbreathing
a: no special abilities


You were on level 2 of the Dungeon.
You were not hungry.

You visited 1 branch of the dungeon, and saw 2 of its levels.

You collected 6 gold pieces.

Inventory:

Hand Weapons
 a - a +0 war axe (weapon)
Missiles
 d - 3 throwing nets (quivered)
Armour
 b - a +0 leather armour (worn)
 c - a +0 helmet (worn)
 h - a +0 large shield (worn)
Jewellery
 g - a cursed ring of teleportation {unknown}
Scrolls
 e - a scroll of remove curse {unknown}
 f - 2 scrolls of fear {unknown}


   Skills:
 + Level 2.2 Fighting
 + Level 2.8 Axes
 + Level 1.5 Throwing
 + Level 0.4 Armour
 + Level 2.7 Dodging


You had one spell level left.
You didn't know any spells.

Dungeon Overview and Level Annotations

Branches:
Dungeon (2/15)

Altars:


Innate Abilities, Weirdness & Mutations

You do not eat or drink.
Your flesh is vulnerable to fire.
You are immune to poison.
Your flesh is cold resistant. (rC+)
You are immune to negative energy. (rN+++)
You are immune to unholy pain and torment.
You can survive without breathing.


Message History

You block the leopard gecko's attack. The leopard gecko barely misses you.
You closely miss the leopard gecko.
The leopard gecko is heavily wounded.
You block the leopard gecko's attack.
The leopard gecko hisses menacingly.
The leopard gecko bites you but does no damage.
You closely miss the leopard gecko.
The leopard gecko is heavily wounded.
The leopard gecko bites you.
* * * LOW HITPOINT WARNING * * *
The leopard gecko bites you.
* * * LOW HITPOINT WARNING * * *
You hit the leopard gecko.
The leopard gecko is heavily wounded.
You block the leopard gecko's attack. The leopard gecko barely misses you.
You can't drink.
You miss the leopard gecko.
The leopard gecko is heavily wounded.
The leopard gecko bites you.
You die...

....#########.###..............#
##### #.# #..............# #.#
#..............#
##.###..............#
#...................##
#..........(......)...
#...........((......##
#.(..l...###(########
#....@.......# #........#####
#........# ###........#
...........# ...........#
...........# ...........#
...........#


You could see a leopard gecko.

Vanquished Creatures
  An adder (D:2)
  A giant cockroach (D:1)
  A goblin (D:1)
  5 hobgoblins
  A bat (D:1)
  3 frilled lizards
  2 kobolds
  2 rats
16 creatures vanquished.

Notes
Turn   | Place    | Note
-------+----------+-------------------------------------------
     0 | D:1      | Manul the Mummy Gladiator began the quest for the Orb.
     0 | D:1      | Reached XP level 1. HP: 16/16 MP: 1/1
   606 | D:1      | Reached XP level 2. HP: 21/22 MP: 2/2
  1415 | D:2      | HP: 1/22 [leopard gecko (3)]
  1417 | D:2      | Slain by a leopard gecko

Vault maps used:
D:1:      giann_bridges
D:2:      hangedman_abyss_or_decor_lesser_grid

Action                   || total
-------------------------++-------
Melee: War axe           ||    80
 Stab: Sleeping          ||     1
Armor: Leather armour    ||    24
Dodge: Dodged            ||    55
Block: Large shield      ||    17

Table legend:
 A = Spawn XP
 B = Non-spawn XP
 C = Spawn XP percentage of total XP
 D = Spawn monster count
 E = Non-spawn monster count
 F = Spawn count percentage of total count
 G = Total turns spent on level
                    A         B        C        D         E        F      G
               +---------+---------+-------+---------+---------+-------+---------
         Total |       5 |      30 |  14.3 |       3 |      13 |  18.8 |  1417
               +---------+---------+-------+---------+---------+-------+---------
           D:1 |       5 |      11 |  31.2 |       3 |       7 |  30.0 |   855
           D:2 |       0 |      19 |   0.0 |       0 |       6 |   0.0 |   562
               +---------+---------+-------+---------+---------+-------+---------
